 Dungeon Crawl Stone Soup version 0.27-a0-1456-gf5a116941d (webtiles) character file.

Game seed: 9851502759316272752

390 Kinoniko the Cleaver (level 6, -5/48 (51) HPs)
             Began as a Minotaur Fighter on July 6, 2021.
             Killed by nerve-wracking pain
             ... invoked by Grinder
              (7 damage)
             ... on level 4 of the Dungeon.
             The game lasted 00:03:34 (3998 turns).

Kinoniko the Cleaver (Minotaur Fighter)             Turns: 3998, Time: 00:03:35

HP:   -5/48 (51)    AC:  6    Str: 20    XL:     6   Next: 50%
MP:   5/5           EV:  3    Int:  5    God:
Gold: 177           SH:  9    Dex: 14    Spells: 5/5 levels left

rFire    . . .     SeeInvis .   a - +0 war axe
rCold    . . .     Faith    .   c - +0 kite shield
rNeg     . . .     Spirit   .   m - +0 plate armour
rPois    .         Reflect  .   (helmet restricted)
rElec    .         Harm     .   (no cloak)
rCorr    .         Rampage  .   (no gloves)
Will     .....                  (no boots)
Stlth    ..........             (no amulet)
HPRegen  0.16/turn              (no ring)
MPRegen  0.09/turn              (no ring)

@: drained
A: horns 2, retaliatory headbutt, hooves 1, agile 1, deformed body
a: no special abilities


You were on level 4 of the Dungeon.
You visited 1 branch of the dungeon, and saw 4 of its levels.

You collected 177 gold pieces.

Inventory:

Hand Weapons
 a - a +0 war axe (weapon)
Armour
 b - a +0 scale mail
 c - a +0 kite shield (worn)
 m - a +0 plate armour (worn)
Jewellery
 l - a ring of magical power
Scrolls
 e - a scroll of blinking
 f - 2 scrolls of vulnerability
 h - a scroll of silence


   Skills:
 - Level 3.6 Fighting
 * Level 8.5 Axes
 - Level 3.6 Armour
 - Level 3.6 Shields


You had 5 spell levels left.
You didn't know any spells.
Your spell library contained the following spells:

 Spells                   Type           Power      Damage    Failure   Level
 Ensorcelled Hibernation  Hex/Ice        0%         N/A       100%        2
 Static Discharge         Conj/Air       0%         N/A       100%        2
 Conjure Flame            Conj/Fire      0%         6-21      100%        3
 Ignite Poison            Fire/Tmut/Pois 0%         N/A       100%        3
 Spider Form              Tmut/Pois      0%         N/A       100%        3
 Dispel Undead            Necr           0%         3d6       100%        4
 Fulminant Prism          Conj/Hex       0%         3d6       100%        4
 Iskenderun's Mystic Bla  Conj/Tloc      0%         2d3       100%        4
 Sticky Flame             Conj/Fire      0%         2d3       100%        4
 Lee's Rapid Deconstruct  Erth           0%         3d5*      100%        5
 Shadow Creatures         Summ           N/A        N/A       100%        6


Dungeon Overview and Level Annotations

Branches:
Dungeon (4/15)
 Temple: D:4-7

Altars:

Shops:
D:1 =!

Annotations:
D:4 Grinder


Innate Abilities, Weirdness & Mutations

You have a pair of horns on your head.
You reflexively headbutt those who attack you in melee.
You have large cloven feet.
You are agile. (Dex +2)
Armour fits poorly on your strangely shaped body.


Message History

Unknown command.
You barely miss Grinder. Your kick misses Grinder.
Your headbutt misses Grinder. Grinder gestures at you.
You suddenly lose the ability to move!
Grinder hits you but does no damage. Grinder hits you.
You writhe in agony.
Grinder hits you! Grinder gestures at you. You resist with significant effort.
Grinder gestures at you.
You shrug off the repeated paralysis!
Grinder hits you.
You writhe in agony.
* * * LOW HITPOINT WARNING * * *
You can move again.
You completely miss Grinder. Your kick misses Grinder. Grinder gestures at you.
You shrug off the repeated paralysis!
Unknown command.
You barely miss Grinder. You kick Grinder, but do no damage. Grinder hits you.
* * * LOW HITPOINT WARNING * * *
You writhe in agony.
* * * LOW HITPOINT WARNING * * *
You block Grinder's attack.
You hit Grinder. Your kick misses Grinder. Your headbutt misses Grinder.
Grinder is lightly wounded.
Grinder blinks!
Unknown command.
Unknown command.
Unknown command.
Unknown command.
Unknown command.
You slash Grinder! You kick Grinder. You headbutt Grinder, but do no damage.
Grinder is heavily wounded.
You block Grinder's attack.
You closely miss Grinder. Your kick misses Grinder. You headbutt Grinder.
Grinder is severely wounded.
Grinder gestures at you. Pain shoots through your body!
You die...

,* ** ** ,* ### ,* ######.## ***
##...#...# ***
,,*******#........# *##.##
*,**,,*,,.........####....##
,,**,,,,,#......@.##.......###*
,,<*,,,,,.......5.#..........,*
**,,,,,,,....##...#....#....,,*
**,,,,,*,.##*#....##..##..#,,,*
**,,*,,,,,####........#...#*,**
**,***,,*,#..........)....#*,###
**,**,,**.......#...##...##*...#*
**,**,,,,.......#...##...###....*
*,,,,,,,,.#..........#....#(....,


You could see Grinder.

Vanquished Creatures
  A black bear (D:3)
  A phantom (D:4)
  An orc priest (D:3)
  3 orc wizards (D:3)
  2 adders
  An adder skeleton (D:4)
  2 dart slugs
  7 orcs
  9 bats
  9 endoplasms
  A giant cockroach (D:3)
  7 goblins
  6 hobgoblins
  13 jackals
  3 quokkas
  6 ball pythons
  3 frilled lizards
  8 kobolds
  5 rats
88 creatures vanquished.

Vanquished Creatures (others)
  9 toadstools (D:4)
9 creatures vanquished.

Grand Total: 97 creatures vanquished

Notes
Turn   | Place    | Note
-------+----------+-------------------------------------------
     0 | D:1      | Kinoniko the Minotaur Fighter began the quest for the Orb.
     0 | D:1      | Reached XP level 1. HP: 19/19 MP: 0/0
    99 | D:1      | Reached skill level 3 in Axes
   482 | D:1      | Reached XP level 2. HP: 25/26 MP: 1/1
   687 | D:1      | Reached skill level 4 in Axes
   879 | D:1      | Found Akopuo Luotu's Distillery.
   910 | D:1      | Found Dytuseun's Jewellery Shop.
   940 | D:1      | Reached XP level 3. HP: 31/31 MP: 2/2
  1190 | D:1      | Found a faded altar of an unknown god.
  1577 | D:2      | Reached skill level 5 in Axes
  1728 | D:2      | Reached XP level 4. HP: 39/39 MP: 3/3
  2346 | D:3      | Reached skill level 6 in Axes
  2350 | D:3      | Reached XP level 5. HP: 22/45 MP: 4/4
  3158 | D:4      | Noticed a black bear
  3176 | D:3      | Gained mutation: You are agile. (Dex +2) [potion of
                  | mutation]
  3176 | D:3      | Gained mutation: You have large cloven feet. [potion of
                  | mutation]
  3176 | D:3      | Gained mutation: Armour fits poorly on your strangely
                  | shaped body. [potion of mutation]
  3179 | D:3      | Killed a black bear
  3180 | D:3      | Reached skill level 7 in Axes
  3180 | D:3      | Reached XP level 6. HP: 5/51 MP: 5/5
  3197 | D:3      | HP: 1/51 [orc wizard/magic dart (4)]
  3500 | D:4      | Reached skill level 8 in Axes
  3975 | D:4      | Noticed Grinder
  3984 | D:4      | Paralysed by Grinder for 7 turns
  3992 | D:4      | HP: 1/48 [Grinder (6)]
  3998 | D:4      | Killed from afar by Grinder

Illustrated notes

Levels and vault maps discovered:
D:1:      erik_arrival_blinker_ship, layout_basic, serial_shops,
          nicolae_square_shop, shop, shapermc_ecumenical_altar_starsandcircs
D:2:      layout_rooms
D:3:      layout_basic, minmay_cupped
D:4:      cheibrodos_fertilizer, layout_cave_pools, gammafunk_ghost_necromancy,
          uniq_grinder

Skill      XL: |  1  2  3  4  5  6 |
---------------+-------------------+-----
Axes           | 3 4 5 6 7 8 |  8.5
Fighting       | |  3.6
Armour         | |  3.6
Shields        | |  3.6

Action                   |  1- 3 |  4- 6 || total
-------------------------+-------+-------++-------
Melee: War axe           |    83 |    93 ||   176
       Headbutt          |    13 |    14 ||    27
       Kick              |       |    10 ||    10
  Use: Potion            |       |     4 ||     4
       Scroll            |       |     6 ||     6
 Stab: Invisible         |       |     1 ||     1
Armor: Scale mail        |    40 |     1 ||    41
       Plate armour      |       |    87 ||    87
Dodge: Dodged            |    29 |    14 ||    43
Block: Kite shield       |    32 |    58 ||    90

Table legend: (Time is in decaauts)
 A = Elapsed time spent in this place.
 B = Non-inter-level travel time spent in this place.
 C = Inter-level travel time spent in this place.
 D = Time resting spent in this place.
 E = Time spent auto-exploring this place.
 F = Levels seen in this place.
 G = Mean time per level.
                   A        B        C        D        E       F      G
               +--------+--------+--------+--------+--------+-----+--------+
         Total |   4076 |   3987 |     89 |   1101 |   2379 |   4 | 1019.0 |
       Dungeon |   4076 |   3987 |     89 |   1101 |   2379 |   4 | 1019.0 |
               +--------+--------+--------+--------+--------+-----+--------+

Top non-repeatable levels by time:
     D:3: 1529 daAuts
     D:1: 1386 daAuts
     D:2: 626 daAuts
     D:4: 533 daAuts
